 Dungeon Crawl Stone Soup version 0.18-b1-16-g289874d (webtiles) character file.

9037 pipel the Nimble (level 11, 0/58 HPs)
             Began as a Vine Stalker Assassin on May 1, 2016.
             Was a Believer of Ashenzari.
             Succumbed to a spiny frog's poison
             ... on level 4 of the Lair of Beasts.
             The game lasted 01:18:58 (4105 turns).

pipel the Nimble (Vine Stalker Assassin)            Turns: 4105, Time: 01:18:58

Health: 0/58       AC:  7    Str: 15    XL:     11   Next: 40%
Magic:  6/22       EV: 17    Int: 11    God:    Ashenzari [**....]
Gold:   366        SH:  0    Dex: 18    Spells: 2 memorised, 19 levels left

rFire  . . .     SeeInvis +     a - +10 great sword of Guacilopp {slice, rElec rPois SInv}
rCold  . . .     Gourm    .     m - +0 leather armour {MR+} (curse)
rNeg   . . .     Faith    .     (shield currently unavailable)
rPois  +         Spirit   +     (no helmet)
rElec  +         Dismiss  .     x - +1 cloak {MR+} (curse)
rCorr  .         Reflect  .     u - +0 pair of gloves
SustAt .         Harm     .     s - +0 pair of boots
MR     +++..                    (no amulet)
Stlth  +++.......               (no ring)
                                l - ring of poison resistance

@: lethally poisoned (0 -> -10), extremely resistant to hostile enchantments,
fairly stealthy
A: fangs 3, regeneration 2, magic shield, antimagic bite, no device heal 3, rot
immunity
a: Curse Item, Scrying, Renounce Religion


You were on level 4 of the Lair of Beasts.
You worshipped Ashenzari.
Ashenzari was pleased with you.
You were not hungry.

You visited 2 branches of the dungeon, and saw 16 of its levels.
You also visited: Labyrinth.

You collected 366 gold pieces.

Inventory:

Hand Weapons
 a - the +10 great sword of Guacilopp (weapon) {slice, rElec rPois SInv}
   (You found it on level 2 of the Lair of Beasts)

   It inflicts extra damage upon your enemies.
   It insulates you from electricity.
   It protects you from poison.
   It lets you see invisible.
 b - a +0 blowgun
 h - a +3 dagger
 v - a +1 mace of protection
 D - a +2 dagger of draining
Missiles
 C - 9 poisoned needles
Armour
 c - a +0 robe
 d - a +0 cloak
 m - a cursed +0 leather armour of magic resistance (worn)
 o - a cursed +1 helmet
 s - a +0 pair of boots (worn)
 u - a +0 pair of gloves (worn)
 x - a cursed +1 cloak of magic resistance (worn)
 y - a +0 cloak of invisibility
Magical Staves
 k - an uncursed staff of fire
Jewellery
 j - an uncursed amulet of dismissal
 l - a ring of poison resistance (left hand)
Wands
 n - a wand of paralysis (2/24)
 q - a wand of flame (10/48)
 z - a wand of lightning (6/15)
Scrolls
 e - 2 scrolls of identify
 f - a scroll of immolation
 p - 2 scrolls of magic mapping
 t - a scroll of teleportation
 w - a scroll of fear
 A - a scroll of enchant weapon
 E - a scroll of summoning
Books
 i - the Collected Works on Earthen Contamination
   (You found it in a labyrinth)

   Spells                             Type                      Level
   a - Alistair's Intoxication        Transmutation/Poison         5
   b - Iron Shot                      Conjuration/Earth            6
   c - Shatter                        Earth                        9
 r - a book of Burglary

   Spells                             Type                      Level
   a - Swiftness                      Charms/Air                   2
   b - Passwall                       Transmutation/Earth          2
   c - Passage of Golubria            Translocation                4
   d - Lee's Rapid Deconstruction     Earth                        5
   e - Darkness                       Hexes                        6
   f - Invisibility                   Hexes                        6
Comestibles
 g - 2 bread rations
 B - 2 beef jerkies
 F - a meat ration


   Skills:
 - Level 7.1 Fighting
 - Level 4.9(6.3) Short Blades
 + Level 6.2(7.0) Long Blades
 - Level 1.7 Throwing
 - Level 3.3 Armour
 - Level 8.0 Dodging
 - Level 4.8 Stealth
 - Level 6.8 Spellcasting
 - Level 2.0 Charms
 - Level 2.0 Transmutations
 - Level 2.2 Air Magic
 - Level 1.5 Earth Magic


You had 19 spell levels left.
You knew the following spells:

 Your Spells              Type           Power        Failure   Level  Hunger
a - Swiftness             Chrm/Air       #.......     17%         2    ##.....
b - Passwall              Trmt/Erth      #.........   17%         2    ##.....


Dungeon Overview and Level Annotations

Branches:
Dungeon (12/15)            Temple (0/1) D:4            Lair (4/8) D:10
  Swamp: Lair:3-6    Shoals: Lair:3-6     Snake: Lair:3-6    Spider: Lair:3-6
    Orc: D:9-12

Altars:
Ashenzari
Dithmenos
Gozag
Qazlal
Ru
Yredelemnul
The Shining One

Shops:
D:4 ?   D:8 [


Innate Abilities, Weirdness & Mutations

You have razor-sharp teeth.
You heal very quickly.
When hurt, damage is shared between your health and your magic reserves.
Your bite disrupts and absorbs the magic of your enemies.
Potions and wands cannot restore your health.
You are immune to rotting.


Message History

You take 2 damage, and have 7/58 hp.
Evoke which item? (* to show all) (? for menu, Esc to quit)
Zapping:
q - a wand of flame {zapped: 22} (will waste charges)
Press: ? - help, Shift-Dir - straight line, f - spiny frog
Aim: a spiny frog (severely wounded, fleeing)
The puff of flame hits the spiny frog.
The spiny frog is severely wounded.
Your attack snaps the spiny frog out of its fear.
Evoking this partially-identified wand wasted a few charges.
* * * LOW HITPOINT WARNING * * *
You feel very sick.
You take 2 damage, and have 5/58 hp.
You aren't carrying any potions.
* * * LOW HITPOINT WARNING * * *
You feel sick.
You take 2 damage, and have 3/58 hp.
* * * LOW HITPOINT WARNING * * *
You feel sick.
You take 1 damage, and have 2/58 hp.
You die...

* ....P.# ,
...........## *
,............#
*
............##
,
.............##
*
.............#
, ...........#*
, ,#.....<# * ,
* ,, #.@...## ,
* ......###.##
* ....F, ### ,
, , * ,,..#.*
,, *, , * .#.,
, , ***, , *
,.., ,, , , , ,
, , ., ,, , ,,
, , , * , ,


You could see a spiny frog (fleeing).

Vanquished Creatures
  A griffon (Lair:3)
  3 spiny frogs
  3 komodo dragons (Lair:2)
  Prince Ribbit (D:7)
  5 blink frogs (Lair:2)
  A redback (Lab)
  A spriggan (D:10)
  10 yaks
  2 hungry ghosts (Lab)
  2 water moccasins
  2 orc warriors
  3 ice beasts
  2 porcupines (Lair:1)
  2 phantoms
  2 sky beasts
  A black bear (D:9)
  A wasp (D:10)
  An ogre (D:4)
  5 wolves
  5 crocodiles
  A big kobold (D:9)
  6 giant frogs
  A water moccasin zombie (D:9)
  3 scorpions
  2 wights (D:10)
  2 crimson imps
  A centaur zombie (D:7)
  A quasit (D:9)
  2 hounds
  5 orc wizards
  An orc priest (D:9)
  3 jellies
  2 iguanas
  6 worker ants
  3 sheep (Lair:1)
  2 hound skeletons (D:8)
  4 adders
  19 river rats
  A worm (D:2)
  22 orcs
  A ball python (D:1)
  3 giant cockroaches
  2 goblins
  8 jackals
  2 quokkas
  4 bats
  A giant gecko zombie (D:6)
  A giant newt (D:4)
  11 kobolds
  4 rats
  A fungus (Lair:2)
178 creatures vanquished.

Vanquished Creatures (others)
  9 fungi
  A plant (Lair:3)
10 creatures vanquished.

Grand Total: 188 creatures vanquished

Notes
Turn   | Place    | Note
--------------------------------------------------------------
     0 | D:1      | pipel the Vine Stalker Assassin began the quest for the Orb.
     0 | D:1      | Reached XP level 1. HP: 11/11 MP: 2/2
    45 | D:1      | Reached skill level 1 in Dodging
    77 | D:1      | Found a shattered altar of Ashenzari.
    94 | D:1      | Reached XP level 2. HP: 10/15 MP: 3/3
    99 | D:1      | Became a worshipper of Ashenzari the Shackled
   152 | D:2      | You fall through a shaft for 2 floors!
   178 | D:4      | Reached skill level 2 in Dodging
   178 | D:4      | Reached XP level 3. HP: 19/19 MP: 4/4
   187 | D:4      | Found Ropsuj's Magic Scroll Emporium.
   253 | D:4      | Reached XP level 4. HP: 23/23 MP: 5/5
   322 | D:3      | Reached skill level 3 in Dodging
   446 | D:4      | Reached XP level 5. HP: 17/28 MP: 6/6
   492 | D:4      | Found a staircase to the Ecumenical Temple.
   526 | D:4      | Noticed an ogre
   558 | D:4      | Killed an ogre
   558 | D:4      | Gained mutation: You heal very quickly. [Vine Stalker growth]
   558 | D:4      | Reached XP level 6. HP: 22/32 MP: 4/7
   603 | D:4      | Reached skill level 4 in Dodging
   662 | D:5      | Entered Level 5 of the Dungeon
   664 | D:5      | Found a stormy altar of Qazlal.
   667 | D:5      | You fall through a shaft for 3 floors!
   667 | D:8      | Noticed an ice beast
   721 | D:9      | Reached skill level 5 in Dodging
   721 | D:9      | Reached XP level 7. HP: 37/37 MP: 8/8
   873 | D:9      | Learned a level 2 spell: Swiftness
  1113 | D:8      | Reached skill level 1 in Air Magic
  1212 | D:6      | Found a sacrificial altar of Ru.
  1232 | D:6      | Reached skill level 1 in Charms
  1250 | D:6      | Reached skill level 1 in Armour
  1250 | D:6      | Gained mutation: You have razor-sharp teeth. [Vine Stalker growth]
  1250 | D:6      | Reached XP level 8. HP: 42/42 MP: 9/9
  1293 | D:6      | Found a shadowy altar of Dithmenos.
  1295 | D:6      | Found a sacrificial altar of Ru.
  1320 | D:7      | Reached skill level 6 in Dodging
  1355 | D:7      | Reached skill level 1 in Spellcasting
  1359 | D:7      | Gained mutation: You expend magic power (3 MP) to strengthen your wands. [mutagenic meat]
  1360 | D:7      | Gained mutation: You can translocate small distances at will. [mutagenic meat]
  1361 | D:7      | Gained mutation: You have a pair of small horns on your head. [mutagenic meat]
  1477 | D:6      | Gained mutation: You are somewhat resistant to further mutation. [potion of beneficial mutation]
  1554 | D:5      | Found a glowing golden altar of the Shining One.
  1561 | D:5      | Found a basalt altar of Yredelemnul.
  1571 | D:5      | Learned a level 2 spell: Passwall
  1686 | D:7      | Noticed Prince Ribbit
  1704 | D:7      | Killed Prince Ribbit
  1704 | D:7      | Reached skill level 1 in Transmutations
  1704 | D:7      | Reached skill level 1 in Earth Magic
  1739 | D:7      | Reached * piety under Ashenzari
  1809 | D:8      | Found an opulent altar of Gozag.
  1840 | D:8      | Found Liothill's Armour Boutique.
  1857 | D:8      | Reached XP level 9. HP: 45/46 MP: 11/13
  1910 | D:9      | Noticed a hill giant
  2052 | D:9      | Reached skill level 7 in Dodging
  2269 | D:10     | Entered Level 10 of the Dungeon
  2306 | D:10     | Found a staircase to the Lair.
  2486 | D:12     | Noticed a troll
  2486 | D:12     | Noticed a cyan ugly thing
  2489 | D:12     | Noticed a brown ugly thing
  2678 | D:10     | Reached skill level 8 in Dodging
  2686 | D:10     | Reached skill level 5 in Fighting
  2707 | Lair:1   | Entered Level 1 of the Lair of Beasts
  2753 | Lair:1   | Noticed a spiny frog
  2873 | Lair:1   | Reached XP level 10. HP: 51/51 MP: 16/18
  2990 | Lair:1   | Reached skill level 5 in Spellcasting
  3083 | Lair:1   | Killed a spiny frog
  3101 | Lair:2   | Noticed a spiny frog
  3298 | Lair:2   | Reached ** piety under Ashenzari
  3301 | Lair:2   | Found a labyrinth entrance.
  3310 | Lab      | Entered a labyrinth
  3381 | Lab      | Lost mutation: You have a pair of small horns on your head. [potion of cure mutation]
  3381 | Lab      | Lost mutation: You expend magic power (3 MP) to strengthen your wands. [potion of cure mutation]
  3381 | Lab      | Lost mutation: You are somewhat resistant to further mutation. [potion of cure mutation]
  3381 | Lab      | Lost mutation: You can translocate small distances at will. [potion of cure mutation]
  3474 | Lab      | Noticed a minotaur
  3586 | Lab      | Identified the Collected Works on Earthen Contamination (You found it in a labyrinth)
  3655 | Lair:2   | Got the great sword of Guacilopp {slice, rElec rPois SInv}
  3656 | Lair:2   | Identified the +10 great sword of Guacilopp {slice, rElec rPois SInv} (You found it on level 2 of the Lair of Beasts)
  3673 | Lair:2   | Reached skill level 1 in Long Blades
  3725 | Lair:3   | Noticed a griffon
  3757 | Lair:2   | Killed a spiny frog
  3757 | Lair:2   | Reached XP level 11. HP: 18/58 MP: 12/22
  3922 | Lair:2   | Reached skill level 5 in Long Blades
  3946 | Lair:3   | Noticed a seven-headed hydra
  3946 | Lair:3   | Noticed a death yak
  4082 | Lair:3   | Killed a griffon
  4104 | Lair:4   | HP: 2/58 [poisoned by a spiny frog]
  4105 | Lair:4   | Succumbed to a spiny frog's poison

Skill      XL: |  1  2  3  4  5  6  7  8  9 10 11 |
---------------+----------------------------------+-----
Dodging        | 1 2 3 5 6 8 |  8.0
Fighting       | 2 3 4 5 7 |  7.1
Air Magic      | 1 2 |  2.2
Charms         | 1 2 |  2.0
Armour         | 1 2 3 |  3.3
Spellcasting   | 2 4 6 |  6.8
Short Blades   | 2 3 4 |  4.9
Transmutations | 1 2 |  2.0
Earth Magic    | 1 |  1.5
Long Blades    | 2 6 |  6.2
Throwing       | |  1.7
Stealth        | |  4.8

Action                   |  1- 3 |  4- 6 |  7- 9 | 10-12 || total
-------------------------+-------+-------+-------+-------++-------
Melee: Dagger            |    32 |    65 |   420 |   157 ||   674
       Bite              |     6 |    15 |   130 |    95 ||   246
       Headbutt          |       |       |    62 |    27 ||    89
       Great sword       |       |       |       |    71 ||    71
 Fire: Blowgun           |    13 |    19 |    21 |    15 ||    68
Throw: Throwing net      |       |       |     1 |       ||     1
 Cast: Swiftness         |       |       |     2 |     1 ||     3
       Passwall          |       |       |     1 |     2 ||     3
Invok: Curse Item        |       |     1 |     2 |       ||     3
 Abil: Blink             |       |       |    20 |     6 ||    26
Evoke: Wand              |       |       |    10 |    13 ||    23
  Use: Scroll            |       |     5 |     6 |     5 ||    16
       Potion            |       |       |     5 |     6 ||    11
 Stab: Sleeping          |       |     6 |     5 |     3 ||    14
       Held in net/web   |       |       |     1 |       ||     1
       Paralysed         |       |       |       |     8 ||     8
  Eat: Meat ration       |       |       |     2 |       ||     2
       Chunk             |       |       |     3 |       ||     3
       Pizza             |       |       |     1 |     1 ||     2
       Bread ration      |       |       |       |     2 ||     2
       Fruit             |       |       |       |     1 ||     1
Armor: Robe              |    18 |    19 |       |       ||    37
       Leather armour    |       |       |   101 |    42 ||   143
       Skin              |       |       |     1 |       ||     1
Dodge: Dodged            |    30 |    44 |   334 |   209 ||   617
